 Dungeon Crawl Stone Soup version 0.27.1-3-gb3d3a73c9e (webtiles) character file.

Game seed: 7608028442510728776

31 UberPyro the Cutter (level 3, -5/19 HPs)
             Began as a Spriggan Berserker on Oct 22, 2021.
             Was a Follower of Trog.
             Slain by Sigmund (9 damage)
             ... on level 2 of the Dungeon.
             The game lasted 00:01:59 (1297 turns).

UberPyro the Cutter (Spriggan Berserker)            Turns: 1297, Time: 00:02:00

Health: -5/19      AC:  2    Str: 14    XL:     3   Next: 7%
Magic:  4/4        EV: 18    Int:  8    God:    Trog [*.....]
Gold:   24         SH:  0    Dex: 14    Spells: 2/2 levels left

rFire    . . .     SeeInvis +   a - +0 short sword
rCold    . . .     Faith    .   (shield restricted)
rNeg     . . .     Spirit   .   b - +0 animal skin
rPois    .         Reflect  .   (helmet restricted)
rElec    .         Harm     .   (no cloak)
rCorr    .         Rampage  .   (gloves unavailable)
Will     .....                  (boots unavailable)
Stlth    +.........             (no amulet)
HPRegen  0.06/turn              (no ring)
MPRegen  0.09/turn              (no ring)

@: confused, flying, very quick
A: very small, no large weapons, unfitting armour, see invisible, speed 3
a: Renounce Religion, Berserk


You were on level 2 of the Dungeon.
You worshipped Trog.
Trog was aware of your devotion.
You visited 1 branch of the dungeon, and saw 2 of its levels.

You collected 24 gold pieces.

Inventory:

Hand Weapons
 a - a +0 short sword (weapon)
Armour
 b - a +0 animal skin (worn)
Potions
 c - a potion of flight


   Skills:
 - Level 2.4 Fighting
 + Level 4.3 Short Blades
 - Level 4.0 Dodging
 + Level 2.1 Stealth


You had 2 spell levels left.
You didn't know any spells.
Your spell library was empty.

Dungeon Overview and Level Annotations

Branches:
Dungeon (2/15)

Altars:

Annotations:
D:2 Sigmund


Innate Abilities, Weirdness & Mutations

You are very small and have problems with some larger weapons.
You are too small for most types of armour.
You have supernaturally acute eyesight. (SInv)
You cover ground extremely quickly. (Speed+++)


Message History

There is a stone staircase leading down here.
You climb downwards.
Found a stone staircase leading up.
There is a stone staircase leading up here.
There is a stone staircase leading up here.
Sigmund the Dreaded comes into view.
He is wielding a +0 scythe.
Found a scroll labelled EPAACHOENE.
Found a stone staircase leading down.
The helpless Sigmund fails to defend himself.
You puncture Sigmund!
Sigmund is heavily wounded.
Sigmund gestures at you while chanting.
You are confused.
It was a potion of flight.
You feel very buoyant.
You fly up into the air.
Sigmund says, "Your kind have come here before.
I understand now why.
You desire death..."
Sigmund casts a spell at you.
You are more confused.
Okay, then.
You're too confused to move!
Sigmund hits you with a +0 scythe!
Ouch! That really hurt!
You hit Sigmund but do no damage.
Sigmund is heavily wounded.
Unknown command.
You barely miss Sigmund.
Sigmund is heavily wounded.
Sigmund barely misses you.
You closely miss Sigmund.
Sigmund is heavily wounded.
Sigmund casts a spell.
Sigmund flickers and vanishes for a moment.
Sigmund completely misses you.
Okay, then.
You bump into the rock wall.
Sigmund hits you with a +0 scythe.
* * * LOW HITPOINT WARNING * * *
You bump into the rock wall.
Sigmund closely misses you.
Sigmund laughs darkly.
Sigmund hits you from afar with a +0 scythe!
You die...

..#. #.#.# #.#
.#.##.#.# #.#
..>#?#.# #.#
####### ......#
#.###...... .....
#...#.####. ...
###.#.#..#. #@#
#......#.
##.##############.
#@................
##################


You could see Sigmund (invisible).

Vanquished Creatures
  A gnoll (D:1)
  4 bats (D:1)
  An endoplasm (D:1)
  4 goblins (D:1)
  2 hobgoblins (D:1)
  A ball python (D:1)
  2 frilled lizards (D:1)
  3 kobolds (D:1)
  4 rats (D:1)
22 creatures vanquished.

Notes
Turn   | Place    | Note
-------+----------+-------------------------------------------
     0 | D:1      | UberPyro the Spriggan Berserker began the quest for the
                  | Orb.
     0 | D:1      | Reached XP level 1. HP: 11/11 MP: 2/2
   586 | D:1      | Reached XP level 2. HP: 16/16 MP: 3/3
   766 | D:1      | Reached skill level 1 in Stealth
   962 | D:1      | Reached XP level 3. HP: 19/19 MP: 4/4
  1092 | D:1      | Found a faded altar of an unknown god.
  1282 | D:2      | Noticed Sigmund
  1297 | D:2      | Slain by Sigmund

Illustrated notes

Levels and vault maps discovered:
D:1:      dpeg_arrival_refuge, layout_basic,
          hellmonk_ecumenical_altar_inner_sanctum, supply_closet_lemuel
D:2:      layout_basic, nicolae_underground_beach, uniq_sigmund, uniq_terence

Skill      XL: |  1  2 |
---------------+-------+-----
Short Blades   | 4 |  4.3
Stealth        | 2 |  2.1
Fighting       | |  2.4
Dodging        | |  4.0

Action                   || total
-------------------------++-------
Melee: Short sword       ||    69
Invok: Berserk           ||     1
  Use: Potion            ||     1
 Stab: Sleeping          ||     4
Armor: Animal skin       ||     8
Dodge: Dodged            ||    51
